 Dungeon Crawl Stone Soup version 0.21.1-1-g345015f (webtiles) character file.

39 shakethe the Chopper (level 3, -4/28 HPs)
             Began as a Demonspawn Gladiator on Feb 27, 2018.
             Slain by a worm (5 damage)
             ... on level 2 of the Dungeon.
             The game lasted 00:01:07 (1664 turns).

shakethe the Chopper (Demonspawn Gladiator)         Turns: 1664, Time: 00:01:08

Health: -4/28      AC:  3    Str: 14    XL:     3   Next: 26%
Magic:  3/3        EV: 13    Int: 10    God:
Gold:   115        SH:  0    Dex: 14    Spells: 2/2 levels left

rFire    . . .     SeeInvis .   a - +0 war axe
rCold    . . .     Gourm    .   (no shield)
rNeg     . . .     Faith    .   b - +0 leather armour
rPois    .         Spirit   .   (helmet restricted)
rElec    .         Reflect  .   (no cloak)
rCorr    .         Harm     .   (no gloves)
MR       .....                  (no boots)
Stlth    +.........             (no amulet)
HPRegen  0.09/turn              (no ring)
MPRegen  0.08/turn              (no ring)

@: no status effects
A: antennae 1
a: no special abilities


You were on level 2 of the Dungeon.
You were not hungry.

You visited 1 branch of the dungeon, and saw 2 of its levels.

You collected 115 gold pieces.

Inventory:

Hand Weapons
 a - a +0 war axe (weapon)
Missiles
 d - 3 throwing nets {=f, !d}
Armour
 b - a +0 leather armour (worn)
 c - a +0 helmet
 g - a scarf of cloud immunity
   (You found it on level 1 of the Dungeon)
Scrolls
 e - a scroll of remove curse {unknown}
 h - a scroll of immolation {unknown}
 i - 4 scrolls of identify {unknown}
 j - a scroll of enchant armour {unknown}
 l - a scroll of random uselessness {unknown}
 m - a scroll of magic mapping {unknown}
 o - 3 scrolls of teleportation {unknown}
Potions
 k - a potion of cancellation {unknown}
 n - a potion of heal wounds {unknown}
 p - a potion of might {unknown}
 q - a potion of curing {unknown}
 r - a potion of haste {unknown}
Comestibles
 f - 3 rations


   Skills:
 + Level 2.5 Fighting
 * Level 3.4 Axes
 - Level 1.7 Throwing
 + Level 3.0 Dodging


You had 2 spell levels left.
You didn't know any spells.

Dungeon Overview and Level Annotations

Branches:
Dungeon (2/15)

Altars:


Innate Abilities, Weirdness & Mutations

You have a pair of small antennae on your head.


Message History

No target in view!
No target in view!
No target in view!
No target in view!
o - 3 scrolls labeled FELYPN UKICEQ (gained 1)
i - 4 scrolls labeled TIK ZUASERATAM (gained 1)
You now have 115 gold pieces (gained 26).
Things that are here:
a whip; a kobold corpse Health restored: 28 No target in view!
No target in view!
No target in view!
No target in view!
No target in view!
Found a stone staircase leading down.
No target in view!
No target in view!
No target in view!
No target in view!
No target in view!
No target in view!
p - a ruby potion No target in view!
No target in view!
No target in view!
No target in view!
No target in view!
No target in view!
q - a lumpy emerald potion No target in view!
No target in view!
No target in view!
No target in view!
No target in view!
r - a purple potion No target in view!
No target in view!
No target in view!
No target in view!
No target in view!
No target in view!
A bat comes into view.
A frilled lizard and a leopard gecko come into view.
The frilled lizard hisses angrily.
The leopard gecko hisses angrily.
A worm comes into view.
You miss the frilled lizard.
The leopard gecko hisses menacingly.
The frilled lizard misses you.
You hit the frilled lizard but do no damage.
The frilled lizard misses you.
You hit the leopard gecko. You closely miss the frilled lizard.
The bat closely misses you. The frilled lizard closely misses you.
The leopard gecko bites you. The frilled lizard barely misses you.
You take 2 damage, and have 26/28 hp.
You hit the leopard gecko. You closely miss the frilled lizard.
The leopard gecko misses you. The bat closely misses you.
The leopard gecko misses you. The frilled lizard bites you.
There are monsters nearby!
You hit the leopard gecko but do no damage.
You hit the frilled lizard.
You kill the frilled lizard!
The bat barely misses you. The leopard gecko bites you.
The leopard gecko closely misses you.
You take 4 damage, and have 22/28 hp.
You hit the leopard gecko.
You kill the leopard gecko!
The bat closely misses you. The bat barely misses you.
You hit the bat. The bat closely misses you. The bat completely misses you.
You barely miss the bat. You hit the worm. The bat closely misses you.
The worm bites you!
You take 10 damage, and have 12/28 hp.
MASSIVE DAMAGE!!
The bat closely misses you. The bat hits you but does no damage.
The bat hits you but does no damage. The bat hits you.
The bat barely misses you.
You take 1 damage, and have 12/28 hp.
The bat hits you.
You take 1 damage, and have 11/28 hp.
The bat barely misses you. The bat hits you.
You take 1 damage, and have 10/28 hp.
The bat barely misses you. The bat hits you but does no damage.
The bat closely misses you. The bat hits you but does no damage.
The bat misses you.
You closely miss the bat. The bat hits you but does no damage.
The bat closely misses you.
You slash the bat!
You kill the bat!
You hit the worm. You slash the worm! The worm bites you!
* * * LOW HITPOINT WARNING * * *
You hit the worm. The worm bites you.
* * * LOW HITPOINT WARNING * * *
You barely miss the worm. The worm barely misses you.
You hit the worm. The worm bites you.
You die...

# #.#.#.#.##.##.....#..........#
####.#.#.#.##.##.###.....########
.......#.#.##..#.# ##.#..# #
####.###.#.###.#.####.#..# # #.#
#..##.#.........# # #.#
##.##.#.#.###...# # #.# #.##.#.#
#...... # #.# #.##.#.# ##..##.# #
#.# #.##.#@# #..# # # #.#
#..#.#w# ##.# # ##.#.#.# .. #
#...#.# ..# # ##..#.# #....# #
.#####...##.# ............#
.######..####


You could see a worm.

Vanquished Creatures
  A worm (D:2)
  2 dart slugs (D:1)
  2 leopard geckos
  A giant cockroach (D:1)
  3 goblins
  3 hobgoblins
  4 jackals (D:2)
  A quokka (D:2)
  3 bats
  2 frilled lizards
  4 kobolds
  4 rats
30 creatures vanquished.

Notes
Turn   | Place    | Note
-------+----------+-------------------------------------------
     0 | D:1      | shakethe the Demonspawn Gladiator began the quest for the Orb.
     0 | D:1      | Reached XP level 1. HP: 16/16 MP: 1/1
   624 | D:1      | Reached skill level 3 in Axes
   634 | D:1      | Gained mutation: You have a pair of small antennae on your head. [demonic ancestry]
   634 | D:1      | Reached XP level 2. HP: 9/22 MP: 2/2
  1182 | D:2      | Reached skill level 3 in Dodging
  1458 | D:2      | Reached XP level 3. HP: 28/28 MP: 3/3
  1661 | D:2      | HP: 4/28 [worm (7)]
  1662 | D:2      | HP: 1/28 [worm (3)]
  1664 | D:2      | Slain by a worm

Skill      XL: |  1  2 |
---------------+-------+-----
Axes           | 3 |  3.4
Dodging        | 3 |  3.0
Fighting       | |  2.5
Throwing       | |  1.7

Action                   || total
-------------------------++-------
Melee: War axe           ||    88
 Stab: Sleeping          ||     2
  Eat: Chunk             ||     2
Armor: Leather armour    ||    23
Dodge: Dodged            ||    63

Vault maps used:
D:1:      dpeg_arrival_rhombus, minivault_11, minmay_misc_feat_x,
          roderic_lattice_a, minmay_vboxes
D:2:      cheibrodos_helix_gallery, first_ration,
          nicolae_dithmenos_shadow_blocks, uniq_sigmund

Table legend:
 A = Turns spent in this place as a percentage of turns spent in the entire game.
 B = Non-inter-level travel turns spent in this place as a percentage of non-inter-level travel turns spent in the entire game.
 C = Inter-level travel turns spent in this place as a percentage of turns spent in this place.
 D = Turns resting spent in this place as a percentage of non-inter-level travel turns spent in this place.
 E = Turns spent auto-exploring this place as a percentage of non-inter-level travel turns spent in this place.
 F = Non-inter-level travel turns spent in this place divided by the number of levels of this place that you've seen.
                   A       B       C       D       E      F
               +-------+-------+-------+-------+-------+----------------------
         Total | 100.0 | 100.0 |   0.1 |  28.5 |  59.4 | 831.0
       Dungeon | 100.0 | 100.0 |   0.1 |  28.5 |  59.4 | 831.0
               +-------+-------+-------+-------+-------+----------------------

Table legend:
 A = Kills in this place as a percentage of kills in entire the game.
 B = Kills by you in this place as a percentage of kills by you in the entire game.
 C = Kills by friends in this place as a percentage of kills by friends in the entire game.
 D = Other kills in this place as a percentage of other kills in the entire game.
 E = Experience gained in this place as a percentage of experience gained in the entire game.
 F = Experience gained in this place divided by the number of levels of this place that you have seen.
                   A       B       C       D       E      F
               +-------+-------+-------+-------+-------+----------------------
         Total | 100.0 | 100.0 |   N/A |   N/A | 100.0 |  28.0
       Dungeon | 100.0 | 100.0 |   N/A |   N/A | 100.0 |  28.0
               +-------+-------+-------+-------+-------+----------------------
